 Dungeon Crawl Stone Soup version 0.23.2-33-g5129a83184 (webtiles) character file.

Game seed: 518081677822636115

207 Derp the Covert (level 5, 0/26 HPs)
             Began as a Spriggan Assassin on July 21, 2019.
             Killed by nerve-wracking pain
             ... invoked by Grinder
              (7 damage)
             ... while paralysed by Grinder
             ... on level 3 of the Dungeon.
             The game lasted 00:06:41 (2655 turns).

Derp the Covert (Spriggan Assassin)                 Turns: 2655, Time: 00:06:42

Health: 0/26       AC:  3    Str:  7    XL:     5   Next: 54%
Magic:  6/6        EV:  4    Int: 12    God:
Gold:   207        SH:  0    Dex: 19    Spells: 4/4 levels left

rFire    . . .     SeeInvis +   a - +2 dagger
rCold    . . .     Gourm    .   (shield restricted)
rNeg     . . .     Faith    .   c - +0 robe
rPois    .         Spirit   .   (helmet restricted)
rElec    .         Reflect  .   d - +0 cloak
rCorr    .         Harm     .   (gloves unavailable)
MR       .....                  (boots unavailable)
Stlth    ++++......             (no amulet)
HPRegen  0.08/turn              (no ring)
MPRegen  0.10/turn              (no ring)

@: paralysed, very quick
A: very small, unfitting armour, see invisible, herbivore, speed 3, slow
metabolism 2
a: no special abilities


You were on level 3 of the Dungeon.
You were not hungry.

You visited 1 branch of the dungeon, and saw 3 of its levels.

You collected 207 gold pieces.

Inventory:

Hand Weapons
 a - a +2 dagger (weapon)
 b - a +0 blowgun
Missiles
 e - 6 poisoned needles
 f - 5 curare-tipped needles
Armour
 c - a +0 robe (worn)
 d - a +0 cloak (worn)
Jewellery
 n - an uncursed amulet of guardian spirit {unknown}
 w - an uncursed amulet of the acrobat {unknown}
Wands
 u - a wand of flame (1)
Scrolls
 i - a scroll of immolation {unknown}
 j - a scroll of identify
 k - a scroll of teleportation {unknown}
 l - a scroll of remove curse
 o - a scroll of fog {unknown}
 s - a scroll of noise {unknown}
Potions
 h - a potion of mutation
 m - 2 potions of might {unknown}
 p - 3 potions of lignification {unknown}
 q - 2 potions of resistance {unknown}
 r - a potion of curing {unknown}
 t - 2 potions of degeneration {unknown}
 v - a potion of brilliance {unknown}
 x - a potion of berserk rage {unknown}
Comestibles
 g - 4 rations


   Skills:
 + Level 2.0 Fighting
 + Level 3.1 Short Blades
 + Level 2.1 Throwing
 + Level 3.1 Dodging
 + Level 9.0 Stealth


You had 4 spell levels left.
You didn't know any spells.
Your spell library was empty.

Dungeon Overview and Level Annotations

Branches:
Dungeon (3/15)

Altars:
Makhleb
Trog
Vehumet

Annotations:
D:3 Grinder


Innate Abilities, Weirdness & Mutations

You are very small and have problems with some larger weapons.
You are too small for most types of armour.
You have supernaturally acute eyesight. (SInv)
You are a herbivore.
You cover ground extremely quickly.
You need to consume almost no food.


Message History

You closely miss the orc wizard.
The orc wizard is almost dead.
The orc throws a tomahawk.
The tomahawk misses the orc wizard.
The tomahawk barely misses you.
You hit the orc wizard.
You kill the orc wizard!
Your Stealth skill increases to level 9!
You hit the orc.
The orc is almost dead.
The orc closely misses you.
You hit the orc.
You kill the orc!
Grinder gestures at you.
You suddenly lose the ability to move!
The orc throws a tomahawk.
The tomahawk hits you. Grinder hits you.
You writhe in agony.
* * * LOW HITPOINT WARNING * * *
Grinder gestures at you. Pain shoots through your body!
You die...

#......... #.#....##.
#.#'#..##. ###.##†##.
##...####. ## #.....###.
#####. ##_._##...
#..(..##################
#....o5@....(...........
#.....#############≈§≈≈≈
#..... #≈#### #[....
###≈§≈ #...$. #⌠≈.§
###### ##≈.. #⌠≈.. ##≈≈≈
###⌠


You could see Grinder and an orc.

Vanquished Creatures
  A howler monkey (D:2)
  A crimson imp (D:3)
  An orc wizard (D:3)
  4 adders
  An ooze (D:2)
  3 worms (D:3)
  2 dart slugs
  2 leopard geckos (D:2)
  3 orcs (D:3)
  2 giant cockroaches (D:2)
  3 goblins
  2 hobgoblins
  5 jackals
  4 kobolds
  3 ball pythons
  9 bats
  3 frilled lizards
  5 rats
54 creatures vanquished.

Notes
Turn   | Place    | Note
-------+----------+-------------------------------------------
     0 | D:1      | Derp the Spriggan Assassin began the quest for the Orb.
     0 | D:1      | Reached XP level 1. HP: 10/10 MP: 2/2
   118 | D:1      | Reached skill level 6 in Stealth
   285 | D:1      | Reached XP level 2. HP: 14/14 MP: 3/3
   539 | D:2      | Reached skill level 7 in Stealth
   861 | D:2      | Reached XP level 3. HP: 18/18 MP: 4/4
   893 | D:2      | Reached skill level 8 in Stealth
   893 | D:2      | Reached XP level 4. HP: 3/23 MP: 5/5
  1986 | D:3      | Found a burning altar of Makhleb.
  1986 | D:3      | Found a radiant altar of Vehumet.
  1990 | D:3      | Reached XP level 5. HP: 19/26 MP: 6/6
  2021 | D:3      | Found a bloodstained altar of Trog.
  2628 | D:3      | Noticed Grinder
  2650 | D:3      | Reached skill level 9 in Stealth
  2652 | D:3      | Paralysed by Grinder for 5 turns
  2655 | D:3      | Killed from afar by Grinder

Skill      XL: |  1  2  3  4  5 |
---------------+----------------+-----
Stealth        | 6 7 8 9 |  9.0
Dodging        | 2 3 |  3.1
Short Blades   | 3 |  3.1
Fighting       | 2 |  2.0
Throwing       | |  2.1

Action                   |  1- 3 |  4- 6 || total
-------------------------+-------+-------++-------
Melee: Dagger            |    76 |   147 ||   223
 Fire: Blowgun           |       |    10 ||    10
  Use: Scroll            |     2 |     1 ||     3
 Stab: Sleeping          |    11 |    13 ||    24
       Distracted        |       |     1 ||     1
Armor: Robe              |    16 |    11 ||    27
Dodge: Dodged            |    73 |    81 ||   154
